 Dungeon Crawl Stone Soup version 0.26-a0-665-gefeb406119 (webtiles) character file.

Game seed: 5892049946156179270

60 Kraken2834 the Chopper (level 4, -4/41 HPs)
             Began as a Hill Orc Monk on Oct 14, 2020.
             Slain by Grinder (6 damage)
             ... while paralysed by Grinder
             ... on level 3 of the Dungeon.
             The game lasted 00:07:17 (2038 turns).

Kraken2834 the Chopper (Hill Orc Monk)              Turns: 2038, Time: 00:07:18

Health: -4/41      AC:  9    Str: 13 (14) XL:     4   Next: 6%
Magic:  4/4        EV:  2    Int:  7 (10) God:
Gold:   114        SH:  0    Dex: 11 (13) Spells: 3/3 levels left

rFire    . . .     SeeInvis .   a - +1 hand axe
rCold    . . .     Faith    .   (no shield)
rNeg     . . .     Spirit   .   d - +0 chain mail
rPois    .         Reflect  .   (no helmet)
rElec    .         Harm     .   (no cloak)
rCorr    .         Rampage  .   c - +0 pair of gloves
MR       .....                  (no boots)
Stlth    ..........             (no amulet)
HPRegen  0.13/turn              (no ring)
MPRegen  0.09/turn              (no ring)

@: paralysed, very slightly contaminated, invisible
A: no striking features
a: no special abilities


You were on level 3 of the Dungeon.
You visited 1 branch of the dungeon, and saw 3 of its levels.

You collected 114 gold pieces.

Inventory:

Hand Weapons
 a - a +1 hand axe (weapon)
Armour
 b - a +0 robe
 c - a +0 pair of gloves (worn)
 d - a +0 chain mail (worn)
Wands
 h - a wand of flame (18)
Scrolls
 f - 2 scrolls of identify
Potions
 e - a potion of invisibility


   Skills:
 + Level 4.4 Fighting
 + Level 5.7 Axes
 - Level 2.4 Dodging
 - Level 1.5 Stealth


You had 3 spell levels left.
You didn't know any spells.
Your spell library was empty.

Dungeon Overview and Level Annotations

Branches:
Dungeon (3/15)

Altars:
Uskayaw
Yredelemnul
The Shining One

Annotations:
D:3 Grinder


Message History

You can move again.
Sorry, you're not good enough to have a special ability.
Okay, then.
Unknown command.
Okay, then.
You slash Grinder!
Grinder is heavily wounded.
Grinder hits you.
* * * LOW HITPOINT WARNING * * *
You hit Grinder.
Grinder is heavily wounded.
Grinder hits you but does no damage.
You hit Grinder but do no damage.
Grinder is heavily wounded.
Grinder gestures at you.
You suddenly lose the ability to move!
Grinder hits you!
* * * LOW HITPOINT WARNING * * *
You writhe in agony.
You die...

#.#########.########..........#
##.# #............###########
...# #...#..####### ### #####
#.##....######## #..
....######.#..♣.......†.# #♣.
###.#.........PP...####.# #..
#.#.####.....♣P..# #.# #♣.
#.#.# ##.##..♣...# #.#########
###.#.###...##..@5.#
#.......[..
.........(..##...#>#
########...
.......##...##.###.# #..#
###.#..###.###.# #.# #†.#
#.#..# #.# #.# #.# #... #.#.>#
#.# ### #.# #.#. #..... ..# #.#
#######.#. #.##.##### #.#
.......... .. #.# #.#
.######...


You could see Grinder.

Vanquished Creatures
  A worker ant (D:2)
  An adder (D:2)
  A dart slug (D:3)
  A leopard gecko (D:3)
  An orc (D:3)
  A giant cockroach (D:2)
  3 goblins (D:2)
  2 hobgoblins
  2 jackals (D:2)
  A kobold (D:2)
  3 bats (D:2)
  3 frilled lizards (D:2)
  6 rats
26 creatures vanquished.

Notes
Turn   | Place    | Note
-------+----------+-------------------------------------------
     0 | D:1      | Kraken2834 the Hill Orc Monk began the quest for the Orb.
     0 | D:1      | Reached XP level 1. HP: 19/19 MP: 1/1
   339 | D:1      | You fall into a shaft and drop 1 floor!
   783 | D:2      | Found a basalt altar of Yredelemnul.
   820 | D:2      | Reached XP level 2. HP: 13/27 MP: 2/2
  1094 | D:2      | Reached skill level 5 in Axes
  1094 | D:2      | Reached XP level 3. HP: 32/33 MP: 3/3
  1423 | D:2      | Found a hide-covered altar of Uskayaw.
  1666 | D:3      | Reached XP level 4. HP: 41/41 MP: 4/4
  1709 | D:3      | Found a faded altar of an unknown god.
  1761 | D:3      | Found a glowing golden altar of the Shining One.
  1849 | D:3      | Noticed Grinder
  1996 | D:3      | Paralysed by Grinder for 3 turns
  2000 | D:3      | Paralysed by Grinder for 5 turns
  2014 | D:3      | Paralysed by Grinder for 3 turns
  2029 | D:3      | Paralysed by Grinder for 6 turns
  2037 | D:3      | Paralysed by Grinder for 3 turns
  2038 | D:3      | HP: 2/41 [Grinder (7)]
  2038 | D:3      | Slain by Grinder

Illustrated notes

Levels and vault maps discovered:
D:1:      tarquinn_simple_flora_water_e, layout_basic
D:2:      layout_loops_ring, nicolae_overflow_crystal_walls,
          lemuel_doored_altar, kennysheep_crisscross, uniq_crazy_yiuf_cottage
D:3:      layout_loops_ring, nicolae_overflow_hidden_temple, marbit_many_paths,
          tso_altar, chequers_ecumenical_altar_simple, st_stairs_12,
          serial_park_tiny_2, minmay_misc_feat_tower, uniq_grinder

Skill      XL: |  1  2 |
---------------+-------+-----
Fighting       | 4 |  4.4
Axes           | 5 |  5.7
Dodging        | |  2.4
Stealth        | |  1.5

Action                   |  1- 3 |  4- 6 || total
-------------------------+-------+-------++-------
Melee: Hand axe          |    68 |    25 ||    93
  Use: Scroll            |     3 |     2 ||     5
       Potion            |     4 |     2 ||     6
 Stab: Sleeping          |     2 |       ||     2
Armor: Robe              |     6 |       ||     6
       Chain mail        |    27 |    10 ||    37
Dodge: Dodged            |    33 |     5 ||    38

Table legend: (Time is in decaauts)
 A = Elapsed time spent in this place.
 B = Non-inter-level travel time spent in this place.
 C = Inter-level travel time spent in this place.
 D = Time resting spent in this place.
 E = Time spent auto-exploring this place.
 F = Levels seen in this place.
 G = Mean time per level.
                   A        B        C        D        E       F      G
               +--------+--------+--------+--------+--------+-----+--------+
         Total |   2041 |   2016 |     25 |    405 |   1269 |   3 |  680.3 |
       Dungeon |   2041 |   2016 |     25 |    405 |   1269 |   3 |  680.3 |
               +--------+--------+--------+--------+--------+-----+--------+

Top non-repeatable levels by time:
     D:2: 1299 daAuts
     D:3: 403 daAuts
     D:1: 339 daAuts
